 Dungeon Crawl Stone Soup version 0.24.0-13-gcf9b3192b9 (webtiles) character file.

Game seed: 1841135731504460753, levelgen mode: deterministic

161 Arum the Shield-Bearer (level 5, 0/43 HPs)
             Began as a Formicid Fighter on Nov 6, 2019.
             Slain by a hound (1 damage)
             ... on level 4 of the Dungeon.
             The game lasted 00:02:41 (2527 turns).

Arum the Shield-Bearer (Formicid Fighter)           Turns: 2527, Time: 00:02:42

Health: 0/43       AC:  8    Str: 25    XL:     5   Next: 70%
Magic:  5/5        EV:  8    Int:  8    God:
Gold:   198        SH: 10    Dex:  8    Spells: 4/4 levels left

rFire    . . .     SeeInvis +   a - +0 war axe
rCold    . . .     Gourm    .   c - +0 shield
rNeg     . . .     Faith    .   b - +0 scale mail
rPois    .         Spirit   .   (helmet unavailable)
rElec    .         Reflect  .   (no cloak)
rCorr    +         Harm     .   q - +0 pair of gloves
MR       .....                  (no boots)
Stlth    ..........             (no amulet)
HPRegen  0.14/turn              i - -3 ring of dexterity (curse)
MPRegen  0.09/turn              l - ring of resist corrosion

@: mighty, starving
A: permanent stasis, dig shafts and tunnels, four strong arms, antennae 3
a: Dig, Shaft Self


You were on level 4 of the Dungeon.
You were starving.

You visited 1 branch of the dungeon, and saw 4 of its levels.

You collected 198 gold pieces.

Inventory:

Hand Weapons
 a - a +0 war axe (weapon)
Armour
 b - a +0 scale mail (worn)
 c - a +0 shield (worn)
 q - a +0 pair of gloves (worn)
Jewellery
 i - a cursed -3 ring of dexterity (left hand)
 l - a ring of resist corrosion (right hand)
 m - an uncursed amulet of magic regeneration {unknown}
 p - an uncursed ring of fire {unknown}
Wands
 o - a wand of paralysis (10)
Scrolls
 e - 3 scrolls of remove curse {unknown}
 g - 2 scrolls of amnesia {unknown}
 h - a scroll of identify {unknown}
 j - 2 scrolls of teleportation {unknown}
 k - a scroll of enchant weapon {unknown}
Comestibles
 f - 9 rations


   Skills:
 + Level 4.6 Fighting
 + Level 3.5 Axes
 - Level 3.2 Armour
 + Level 5.0 Shields


You had 4 spell levels left.
You didn't know any spells.
Your spell library contained the following spells:

 Spells                   Type           Power        Failure   Level  Hunger
 Beastly Appendage        Tmut           #.....       93%         1    ##.....
 Sticks to Snakes         Tmut           #.......     98%         2    ###....
 Spider Form              Tmut/Pois      #.........   100%        3    ####...
 Ice Form                 Ice/Tmut       #.......     100%        4    #####..
 Blade Hands              Tmut           #.........   100%        5    ######.


Dungeon Overview and Level Annotations

Branches:
Dungeon (4/15)
 Temple: D:4-7

Altars:
Ashenzari
Zin


Innate Abilities, Weirdness & Mutations

You cannot be hasted, slowed, berserked, paralysed or teleported.
You can dig through walls and to a lower floor.
Your four strong arms can wield two-handed weapons with a shield.
You have a pair of large antennae on your head. (SInv)


Message History

You block the hound's attack. The hound bites you.
* * * LOW HITPOINT WARNING * * *
You barely miss the hound.
The hound is moderately wounded.
The hound closely misses you. The hound bites you.
* * * LOW HITPOINT WARNING * * *
You feel very mighty all of a sudden. The hound bites you but does no damage.
You closely miss the hound.
The hound is moderately wounded.
You block the hound's attack. x2
You closely miss the hound.
The hound is moderately wounded.
The hound bites you but does no damage. You block the hound's attack.
You slash the hound!
The hound is almost dead.
The hound barely misses you. The hound bites you.
* * * LOW HITPOINT WARNING * * *
The hound bites you.
You die...

# #. #. ## .####
#.. . ...# #.>. .
..# <.... #. #.
#h# ####. ##.....
#.##.##@##$.....
#.......
#...............
≈.......
#.......##......
)## #.##..#.#
####. #.# ##.#.#
.##### #.###.#.#
.....# #.......#
.....#########.###
.≈.............#


You could see a hound.

Vanquished Creatures
  An ogre (D:4)
  3 adders
  An ooze (D:2)
  2 worms (D:2)
  2 leopard geckos
  An orc (D:4)
  A giant cockroach (D:1)
  4 hobgoblins
  3 jackals (D:3)
  4 bats
  7 frilled lizards
  4 goblins
  4 kobolds
  9 rats
46 creatures vanquished.

Notes
Turn   | Place    | Note
-------+----------+-------------------------------------------
     0 | D:1      | Arum the Formicid Fighter began the quest for the Orb.
     0 | D:1      | Reached XP level 1. HP: 18/18 MP: 1/1
   140 | D:1      | Reached XP level 2. HP: 22/24 MP: 2/2
   538 | D:1      | Reached skill level 4 in Shields
   607 | D:2      | Reached XP level 3. HP: 18/30 MP: 3/3
  1175 | D:2      | Reached XP level 4. HP: 30/37 MP: 4/4
  1200 | D:2      | Found a glowing silver altar of Zin.
  1201 | D:2      | Found a shattered altar of Ashenzari.
  2504 | D:4      | Noticed an ogre
  2515 | D:4      | Killed an ogre
  2515 | D:4      | Reached skill level 5 in Shields
  2515 | D:4      | Reached XP level 5. HP: 13/43 MP: 5/5
  2527 | D:4      | HP: 1/43 [hound (3)]
  2527 | D:4      | Slain by a hound

Levels and vault maps discovered:
D:1:      dpeg_arrival_rooms_a, layout_loops_ring
D:2:      layout_basic, gammafunk_temple_overflow_statue
D:3:      layout_basic
D:4:      layout_loops_cross, nicolae_qazlal_general_emergency,
          chequers_serial_rivers_small_b, minmay_quantized

Skill      XL: |  1  2  3  4 |
---------------+-------------+-----
Shields        | 4 5 |  5.0
Fighting       | 4 |  4.6
Axes           | 3 |  3.5
Armour         | |  3.2

Action                   |  1- 3 |  4- 6 || total
-------------------------+-------+-------++-------
Melee: War axe           |   101 |    60 ||   161
Throw: Throwing net      |       |     1 ||     1
  Use: Potion            |       |     1 ||     1
  Eat: Chunk             |     1 |     2 ||     3
Armor: Scale mail        |    62 |    25 ||    87
Dodge: Dodged            |    37 |    37 ||    74
Block: Shield            |    47 |    30 ||    77
